 Dungeon Crawl Stone Soup version 0.24.0-37-gcf1ca852f1 (webtiles) character file.

Game seed: 9590364377950412983, levelgen mode: deterministic

1278 grindst0ne the Sneak (level 8, 0/57 HPs)
             Began as an Octopode Fighter on Nov 24, 2019.
             Was an Initiate of Ru.
             Killed by divine providence
             ... invoked by an orc priest
              (15 damage)
             ... on level 6 of the Dungeon.
             The game lasted 00:13:59 (5527 turns).

grindst0ne the Sneak (Octopode Fighter)             Turns: 5527, Time: 00:13:59

Health: 0/57       AC:  1    Str: 15    XL:     8   Next: 54%
Magic:  8/8        EV: 14    Int: 11    God:    Ru [......]
Gold:   315        SH: 10    Dex: 13    Spells: 7/7 levels left

rFire    . . .     SeeInvis .   i - +2 dagger (vamp)
rCold    . . .     Gourm    .   b - +0 shield
rNeg     . . .     Faith    .   (helmet restricted)
rPois    +         Spirit   .   (no amulet)
rElec    .         Reflect  .   m - ring of stealth
rCorr    .         Harm     .   f - ring of poison resistance
MR       .....                  (no ring)
Stlth    +++++.....             (no ring)
HPRegen  0.19/turn              (no ring)
MPRegen  0.11/turn              (no ring)
                                (no ring)
                                (no ring)

@: no status effects
A: almost no armour, stealthy swim, amphibious, 8 rings, constrict 8, camouflage
1, gelatinous body 1
a: Renounce Religion


You were on level 6 of the Dungeon.
You worshipped Ru.
Ru was noncommittal.
You were not hungry.

You visited 2 branches of the dungeon, and saw 7 of its levels.

You collected 315 gold pieces.

Inventory:

Hand Weapons
 a - a +0 war axe
 i - a +2 vampiric dagger (weapon)
Armour
 b - a +0 shield (worn)
Jewellery
 f - a ring of poison resistance (right tentacle)
 m - a ring of stealth (left tentacle)
Wands
 g - a wand of digging (5)
Scrolls
 c - a scroll of magic mapping {unknown}
 e - a scroll of enchant weapon {unknown}
 h - 3 scrolls of fog {unknown}
 j - 2 scrolls of remove curse
 k - a scroll of teleportation {unknown}
 n - a scroll of enchant armour {unknown}
 p - a scroll of identify
 r - 2 scrolls of blinking
 t - a scroll of fear {unknown}
 v - a scroll of random uselessness {unknown}
Potions
 l - 2 potions of resistance
 o - 2 potions of brilliance
 q - a potion of haste
 s - 2 potions of curing
 u - 2 potions of mutation {unknown}
Comestibles
 d - 7 rations
 w - 2 chunks of flesh


   Skills:
 + Level 5.8 Fighting
 - Level 2.1 Axes
 + Level 5.8 Dodging
 + Level 6.8 Stealth
 + Level 5.8 Shields


You had 7 spell levels left.
You didn't know any spells.
Your spell library contained the following spells:

 Spells                   Type           Power        Failure   Level  Hunger
 Beastly Appendage        Tmut           #.....       75%         1    ##.....
 Sticks to Snakes         Tmut           #.......     86%         2    ###....
 Spider Form              Tmut/Pois      #.........   98%         3    ####...
 Ice Form                 Ice/Tmut       #.......     100%        4    #####..
 Blade Hands              Tmut           #.........   100%        5    ######.


Dungeon Overview and Level Annotations

Branches:
Dungeon (6/15)             Temple (1/1) D:6

Altars:
Cheibriados
Dithmenos
Elyvilon
Gozag
Hepliaklqana
Nemelex Xobeh
Okawaru
Qazlal
Ru
Trog
Uskayaw
Wu Jian
Xom
Yredelemnul
Zin
The Shining One

Annotations:
D:2 exclusion: 2 downstairs
D:6 2 transporters, OleJ's ghost, novice GnCK


Innate Abilities, Weirdness & Mutations

You cannot wear most types of armour.
You are very stealthy in the water. (Stealth+)
You are amphibious.
You can wear up to eight rings at the same time.
You can use your tentacles to constrict eight enemies at once.
Your skin changes colour to match your surroundings (Stealth+).
Your rubbery body absorbs attacks. (AC +1, EV +1)


Message History

Things that are here:
a +0 club; a curare-tipped dart; a scroll labeled ERAHEUG OQACA There isn't anything to butcher here.
The jackal barks!
You hear a bark!
The orc priest shouts!
A jackal comes into view.
The orc priest calls down the wrath of Beogh upon you.
Beogh smites you!
The orc priest looks braver for a moment.
The orc priest mumbles some strange prayers to Beogh against you.
Beogh smites you!
* * * LOW HITPOINT WARNING * * *
Things that are here:
a +0 club; a curare-tipped dart; a scroll labeled ERAHEUG OQACA The jackal misses you.
Things that are here:
a +0 short sword; a scroll labeled NUFROCHOWOU The orc priest casts a cantrip, but nothing happens.
The orc priest calls down the wrath of Beogh upon you.
Beogh smites you!
You die...

#........................# #
#..........#####....(..### #
#..........# #....##########
###.)....o...# #....##........
##....####'#### #.....#........
##....####h..# #.###.#........
##...........# #.'_'.#........
##.......o..h############........
''.......o...))h@................
##...........####.....##.#..#####
##..............#........[..#####
#####.....^.....#.......#.#......
########....#.......#.###....
#.........#......##...###..
#.####....#......#........#
#.#.............##..>..##..
####.##'#....#...#........#...


You could see 2 orc priests and 2 jackals.

Vanquished Creatures
  Eustachio (D:6)
  An orc warrior (D:3)
  A bullfrog (D:3)
  A wyvern skeleton (D:6)
  A scorpion (D:5)
  2 howler monkeys
  A bullfrog zombie (D:6)
  2 crimson imps
  2 hounds
  3 orc priests
  A bullfrog skeleton (D:6)
  Jessica (D:2)
  2 iguanas
  3 orc wizards
  4 worker ants
  A hound skeleton (D:4)
  9 gnolls
  7 adders
  A worm (D:3)
  2 dart slugs (D:2)
  3 leopard geckos
  25 orcs
  A ball python (D:3)
  5 bats
  3 giant cockroaches (D:1)
  3 hobgoblins
  2 jackals (D:2)
  5 kobolds
  2 quokkas
  3 frilled lizards
  8 goblins
  A jackal skeleton (D:5)
  A quokka zombie (D:5)
  11 rats
119 creatures vanquished.

Notes
Turn   | Place    | Note
-------+----------+-------------------------------------------
     0 | D:1      | grindst0ne the Octopode Fighter began the quest for the
                  | Orb.
     0 | D:1      | Reached XP level 1. HP: 16/16 MP: 1/1
   319 | D:1      | Reached XP level 2. HP: 21/21 MP: 2/2
   922 | D:2      | Reached skill level 1 in Stealth
   984 | D:2      | Found a basalt altar of Yredelemnul.
  1018 | D:2      | Reached XP level 3. HP: 26/26 MP: 3/3
  1101 | D:2      | Noticed Jessica
  1108 | D:2      | Killed Jessica
  1108 | D:2      | Reached skill level 2 in Stealth
  1108 | D:2      | Reached XP level 4. HP: 31/31 MP: 4/4
  1414 | D:3      | Noticed a bullfrog
  1426 | D:3      | Killed a bullfrog
  1426 | D:3      | Reached XP level 5. HP: 25/37 MP: 5/5
  1467 | D:3      | Noticed an orc warrior
  1646 | D:2      | Reached skill level 3 in Stealth
  1867 | D:3      | Reached XP level 6. HP: 35/43 MP: 6/6
  2280 | D:3      | Found a glowing golden altar of the Shining One.
  2280 | D:3      | Found a sparkling altar of Nemelex Xobeh.
  2633 | D:3      | Reached skill level 4 in Stealth
  2737 | D:3      | Killed an orc warrior
  3101 | D:4      | Reached XP level 7. HP: 33/49 MP: 7/7
  3269 | D:4      | Found a glowing silver altar of Zin.
  3270 | D:4      | Noticed an angel
  3272 | D:4      | Found a shimmering altar of Xom.
  3392 | D:5      | Entered Level 5 of the Dungeon
  3572 | D:5      | Reached skill level 5 in Stealth
  3987 | D:5      | Reached skill level 5 in Fighting
  3987 | D:5      | Reached skill level 5 in Dodging
  3987 | D:5      | Reached skill level 5 in Shields
  4822 | D:5      | Reached XP level 8. HP: 42/55 MP: 8/8
  5021 | D:6      | Reached skill level 6 in Stealth
  5071 | D:6      | Found a bloodstained altar of Trog.
  5161 | D:6      | Found a staircase to the Ecumenical Temple.
  5172 | Temple   | Entered the Ecumenical Temple
  5193 | Temple   | Became a worshipper of Ru the Awakened
  5361 | D:6      | Found a transporter.
  5361 | D:6      | Noticed OleJ's ghost (novice GnCK)
  5362 | D:6      | Found a transporter.
  5463 | D:6      | Noticed Eustachio
  5473 | D:6      | Killed Eustachio
  5488 | D:6      | Found a shadowy altar of Dithmenos.
  5527 | D:6      | Killed from afar by an orc priest

Levels and vault maps discovered:
D:1:      lemuel_arrival_lava_pool, layout_basic
D:2:      layout_rooms, lemuel_doored_altar, kennysheep_decorative_pillar,
          uniq_jessica
D:3:      layout_rooms, gammafunk_temple_overflow_statue
D:4:      layout_loops_ring, grunt_temple_overflow_order_and_chaos_1,
          nicolae_overflow_crystal_walls, first_ration, serial_park_tiny_2
D:5:      layout_loops_corners, minmay_misc_feat_columns,
          chequers_serial_rivers_micro_c, kennysheep_cross_bottleneck,
          fountainhead
D:6:      layout_basic, kennysheep_mini, lemuel_crystal_altar,
          minmay_temple_entry_slanted, gammafunk_ghost_arena, uniq_eustachio,
          uniq_pikel
Temple:   pf_slimified_temple

Skill      XL: |  1  2  3  4  5  6  7  8 |
---------------+-------------------------+-----
Stealth        | 1 2 3 4 5 6 |  6.8
Fighting       | 4 5 |  5.8
Dodging        | 4 5 |  5.8
Shields        | 4 5 |  5.8
Axes           | |  2.1

Action                   |  1- 3 |  4- 6 |  7- 9 || total
-------------------------+-------+-------+-------++-------
Melee: Dagger            |    43 |   133 |   166 ||   342
       War axe           |     5 |       |       ||     5
       Constrict         |    14 |    31 |    35 ||    80
       Tentacles         |     9 |    18 |    34 ||    61
  Use: Potion            |     3 |     4 |     2 ||     9
       Scroll            |       |     5 |     2 ||     7
 Stab: Sleeping          |     7 |     3 |     8 ||    18
  Eat: Chunk             |     1 |     5 |     9 ||    15
Armor: Skin              |     2 |     7 |    14 ||    23
Dodge: Dodged            |    14 |    36 |    70 ||   120
Block: Shield            |    12 |    43 |    66 ||   121
